AoeStats
← Gman2334

Arena

510611884Analyzed
1v1 RM · 15h ago on Oct 1, 2026· 44m 49s· 2 players
Game mode
Random Map
Map size
Tiny (2 player)
Population
200
Speed
Normal
Resources
Standard
Victory
Conquest
Starting age
Dark Age
Ending age
Imperial Age
RankedLock teamsTeams togetherTeam positionsShared explorationLock speedFull tech treeHidden civsTurbo modeCheats
Victory
Defeat
🇹🇷 Ethiopians · Türkiye
689
+14
🇺🇸 Teutons · United States
655
-18
Gman2334
10:55 Feudal Age
15:41 Castle Age
14:43 Double-Bit Axe
24:01 Bow Saw
24:11 Gold Mining
24:12 Stone Mining
26:55 Wheelbarrow
27:05 Stone Shaft Mining
27:36 Scale Barding Armor
31:24 Imperial Age
30:20 Hand Cart
30:47 Bloodlines
31:02 Chain Barding Armor
32:07 Scale Mail Armor
34:00 Chemistry
32:42 Heavy Scorpion
34:05 Ironclad
33:12 Cavalier
35:08 Chain Mail Armor
35:28 Plate Barding Armor
36:09 Two-Man Saw
37:00 Conscription
37:14 Plate Mail Armor
37:58 Ballistics
37:13 Paladin
39:24 Forging
39:15 Padded Archer Armor
39:39 Horse Collar
41:38 Hoardings
ABBAS USTAOĞLU
10:03 Feudal Age
11:45 Wheelbarrow
10:57 Double-Bit Axe
14:53 Castle Age
16:08 Bow Saw
17:53 Horse Collar
20:14 Padded Archer Armor
20:07 Fletching
22:25 Heavy Plow
23:29 Ballistics
27:29 Imperial Age
25:22 Bodkin Arrow
25:43 Leather Archer Armor
26:42 Hand Cart
26:12 Town Watch
26:23 Town Watch
27:44 Stone Mining
28:50 Gold Mining
30:16 Chemistry
28:47 Crossbowman
30:48 Two-Man Saw
31:20 Gold Shaft Mining
31:21 Stone Shaft Mining
30:48 Bracer
31:03 Leather Archer Armor
31:38 Forging
33:11 Conscription
33:37 Iron Casting
33:02 Scale Mail Armor
33:49 Town Patrol
34:15 Arbalester
35:00 Thumb Ring
35:13 Leather Archer Armor
35:12 Fortified Wall
35:13 Careening
36:59 Ring Archer Armor
36:12 Elite Shotel Warrior
39:59 Blast Furnace
39:14 Chain Mail Armor
39:57 Royal Heirs
42:37 Onager
44:50 Plate Mail Armor
Connection lost

Rejoining the realm…

Still unreachable

The connection could not be restored.

Session expired

The server has moved on; the page needs a fresh start.